 Dungeon Crawl Stone Soup version 0.29-a0-284-gf9362112df (webtiles) character file.

Game seed: 12988022827862617787

464 sammy202020 the Covered (level 6, -1/53 (56) HPs)
             Began as a Minotaur Fighter on Mar 21, 2022.
             Slain by an orc
             ... wielding a +0 trident
              (7 damage)
             ... on level 4 of the Dungeon.
             The game lasted 00:04:27 (2128 turns).

sammy202020 the Covered (Minotaur Fighter)          Turns: 2128, Time: 00:04:28

HP:   -1/53 (56)    AC: 13    Str: 20    XL:     6   Next: 80%
MP:   5/5           EV:  6    Int:  7    God:
Gold: 207           SH:  5    Dex: 10    Spells: 5/5 levels left

rFire   . . .      SeeInvis .   a - +0 war axe
rCold   . . .      Faith    .   c - +0 buckler
rNeg    . . .      Spirit   .   f - +0 plate armour
rPois   .          Reflect  .   (helmet restricted)
rElec   .          Harm     .   (no cloak)
rCorr   .          Rampage  .   h - +0 pair of gloves
Will    .....                   (no boots)
Stlth   ..........              o - amulet of regeneration
HPRegen 0.97/turn               (no ring)
MPRegen 0.09/turn               (no ring)

@: lethally poisoned (-1 -> -2), flying, drained
A: horns 2, retaliatory headbutt
a: no special abilities


You were on level 4 of the Dungeon.
You visited 1 branch of the dungeon, and saw 4 of its levels.

You collected 207 gold pieces.

Inventory:

Hand Weapons
 a - a +0 war axe (weapon)
 m - a +4 flail
Missiles
 d - 3 boomerangs
 g - 3 poisoned darts (quivered)
Armour
 c - a +0 buckler (worn)
 f - a +0 plate armour (worn)
 h - a +0 pair of gloves (worn)
Jewellery
 j - an amulet of guardian spirit
 o - an amulet of regeneration (around neck)
Scrolls
 b - 3 scrolls of identify {unknown}
 i - a scroll of brand weapon {unknown}
 n - a scroll of teleportation {unknown}
Potions
 e - a potion of brilliance
 k - a potion of cancellation
 l - a potion of flight


   Skills:
 * Level 5.4 Fighting
 * Level 4.6 Axes
 * Level 5.4 Armour
 + Level 2.1 Dodging
 * Level 5.4 Shields


You had 5 spell levels left.
You didn't know any spells.
Your spell library contained the following spells:

 Spells                   Type           Power      Damage    Failure   Level
 Apportation              Tloc           0%         N/A       100%        1
 Gell's Gravitas          Tloc           0%         N/A       100%        3
 Lesser Beckoning         Tloc           0%         N/A       100%        3
 Teleport Other           Tloc           0%         N/A       100%        3
 Alistair's Intoxication  Tmut/Pois      0%         N/A       100%        5


Dungeon Overview and Level Annotations

Branches:
Dungeon (4/15)
 Temple: D:4-7

Altars:


Innate Abilities, Weirdness & Mutations

You have a pair of horns on your head.
You reflexively headbutt those who attack you in melee.


Message History

You barely miss the adder. The adder bites you but does no damage.
The orc hits you but does no damage.
The wight hits you with a +3 long sword of freezing.
You feel drained. The wight freezes you.
The adder bites you but does no damage. The orc barely misses you.
You furiously retaliate!
You headbutt the orc. The wight barely misses you.
The adder bites you but does no damage.
Things that are here:
a +0 dagger; a +0 robe; an orc corpse You closely miss the wight.
Your headbutt misses the wight.
The wight is lightly damaged.
You barely miss the adder. You closely miss the orc.
The adder bites you but does no damage. The orc hits you with a +0 trident.
You block the wight's attack. The adder bites you.
The orc hits you with a +0 trident.
The wight hits you with a +3 long sword of freezing!
You feel drained. The wight freezes you.
You barely miss the wight. Your headbutt misses the wight.
The wight is lightly damaged.
You barely miss the orc. You hit the adder but do no damage.
The adder bites you. The orc hits you with a +0 trident!
You block the wight's attack. The adder bites you but does no damage.
You closely miss the wight.
You headbutt the wight, but do no damage.
The wight is lightly damaged.
You barely miss the adder. You closely miss the orc. The adder bites you.
You are poisoned.
The adder poisons you! The orc hits you with a +0 trident.
* * * LOW HITPOINT WARNING * * *
The wight hits you with a +3 long sword of freezing.
* * * LOW HITPOINT WARNING * * *
The wight freezes you.
* * * LOW HITPOINT WARNING * * *
You block the adder's attack.
Okay, then.
You barely miss the wight. Your headbutt misses the wight.
The wight is lightly damaged.
You hit the orc. You closely miss the adder.
You feel sick. The orc hits you with a +0 trident!
You die...

#.......###......
#.......# #).....
##.......#
#######
#........###
#####..........#
#..............#
#.........(....#
#.....)<.......#
#...z@S.....)..#
#.....o...#....#
#.....#####....#
#.....# #....#
#.....# ######
#.....# #.....#
.......


You could see a wight, an adder and an orc.

Vanquished Creatures
  Sigmund (D:2)
  2 scorpions (D:4)
  Terence (D:2)
  An orc wizard (D:4)
  Natasha (twice) (D:2)
  An adder (D:2)
  A worm (D:3)
  10 orcs
  6 ball pythons
  5 endoplasms
  A giant cockroach (D:2)
  5 goblins
  6 hobgoblins
  10 kobolds
  A quokka (D:1)
  9 bats
  3 frilled lizards (D:2)
  7 rats
72 creatures vanquished.

Notes
Turn   | Place    | Note
-------+----------+-------------------------------------------
     0 | D:1      | sammy202020 the Minotaur Fighter began the quest for the
                  | Orb.
     0 | D:1      | Reached XP level 1. HP: 19/19 MP: 0/0
   105 | D:1      | Reached XP level 2. HP: 27/27 MP: 1/1
   118 | D:1      | Found a faded altar of an unknown god.
   610 | D:2      | Reached XP level 3. HP: 20/33 MP: 2/2
   644 | D:2      | Noticed Terence
   651 | D:2      | Killed Terence
   652 | D:2      | Reached skill level 1 in Dodging
   828 | D:2      | Noticed Natasha
   833 | D:2      | Killed Natasha
   834 | D:2      | Reached XP level 4. HP: 22/41 MP: 3/3
  1090 | D:2      | Noticed Natasha
  1099 | D:2      | Killed Natasha
  1222 | D:2      | Noticed Sigmund
  1246 | D:2      | Killed Sigmund
  1247 | D:2      | Reached skill level 5 in Fighting
  1247 | D:2      | Reached skill level 5 in Armour
  1247 | D:2      | Reached skill level 5 in Shields
  1247 | D:2      | Reached XP level 5. HP: 31/48 MP: 4/4
  1247 | D:2      | Reached XP level 6. HP: 36/56 MP: 5/5
  2128 | D:4      | Slain by an orc

Illustrated notes

Levels and vault maps discovered:
D:1:      minmay_arrival_three_doors, layout_loops_cross,
          hellmonk_ecumenical_altar_pennies_from_heaven
D:2:      layout_basic, serial_curves, eino_curves_04, eino_curves_03,
          uniq_terence, uniq_natasha, uniq_sigmund
D:3:      layout_loops_ring
D:4:      layout_basic, st_stairs_5, grunt_ministairs_14

Skill      XL: |  1  2  3  4  5  6 |
---------------+-------------------+-----
Fighting       | 4 5 |  5.4
Axes           | 3 4 |  4.6
Armour         | 4 5 |  5.4
Shields        | 4 5 |  5.4
Dodging        | 1 2 |  2.1

Action                   |  1- 3 |  4- 6 || total
-------------------------+-------+-------++-------
Melee: War axe           |    58 |    88 ||   146
       Headbutt          |     6 |    10 ||    16
  Use: Scroll            |     2 |       ||     2
       Potion            |     1 |     4 ||     5
Armor: Scale mail        |     3 |       ||     3
       Plate armour      |    43 |    90 ||   133
Dodge: Dodged            |    21 |    36 ||    57
Block: Buckler           |    16 |    30 ||    46

Table legend: (Time is in decaauts)
 A = Elapsed time spent in this place.
 B = Non-inter-level travel time spent in this place.
 C = Inter-level travel time spent in this place.
 D = Time resting spent in this place.
 E = Time spent auto-exploring this place.
 F = Levels seen in this place.
 G = Mean time per level.
                   A        B        C        D        E       F      G
               +--------+--------+--------+--------+--------+-----+--------+
         Total |   2181 |   2181 |      0 |      0 |   1667 |   4 |  545.2 |
       Dungeon |   2181 |   2181 |      0 |      0 |   1667 |   4 |  545.2 |
               +--------+--------+--------+--------+--------+-----+--------+

Top non-repeatable levels by time:
     D:2: 930 daAuts
     D:3: 586 daAuts
     D:1: 542 daAuts
     D:4: 121 daAuts
